% Time on Ice - OKANAGAN RATTLESNAKES
Lines # - Real PCT - Wanted PCT - Time Play
Normal Forward
1 - 31% - 36% - 16:11
2 - 32% - 31% - 16:52
3 - 26% - 23% - 13:46
4 - 11% - 10% - 5:35
Normal Defense
1 - 34% - 36% - 18:01
2 - 32% - 31% - 16:58
3 - 26% - 23% - 13:33
4 - 7% - 10% - 3:52
PP Forward
1 - 100% - 55% - 0:44
2 - 0% - 45% - 0:00
PP Defense
1 - 100% - 55% - 0:44
2 - 0% - 45% - 0:00
PK Forward
1 - 51% - 55% - 2:29
2 - 49% - 45% - 2:24
PK Defense
1 - 47% - 55% - 2:18
2 - 53% - 45% - 2:35
PK3 Forward
1 - 0% - 55%
2 - 0% - 45%
PK3 Defense
1 - 0% - 55%
2 - 0% - 45%
44 Forward
1 - 64% - 55% - 2:05
2 - 36% - 45% - 1:09
44 Defense
1 - 53% - 55% - 1:42
2 - 47% - 45% - 1:32
Last Minute Offensive  - 0:00
Last Minute Defensive  - 0:00
Total
Forward - 61:15
Defense - 61:15
% Time on Ice - SASKATOON DUCKS
Lines # - Real PCT - Wanted PCT - Time Play
Normal Forward
1 - 35% - 40% - 18:19
2 - 33% - 37% - 17:14
3 - 22% - 18% - 11:28
4 - 10% - 5% - 5:23
Normal Defense
1 - 38% - 40% - 19:57
2 - 27% - 30% - 14:04
3 - 30% - 20% - 15:30
4 - 6% - 10% - 2:53
PP Forward
1 - 50% - 60% - 2:26
2 - 50% - 40% - 2:27
PP Defense
1 - 70% - 60% - 3:26
2 - 30% - 40% - 1:27
PK Forward
1 - 100% - 55% - 0:44
2 - 0% - 45% - 0:00
PK Defense
1 - 91% - 55% - 0:40
2 - 9% - 45% - 0:04
PK3 Forward
1 - 73% - 55% - 0:55
2 - 27% - 45% - 0:20
PK3 Defense
1 - 23% - 55% - 0:17
2 - 77% - 45% - 0:58
44 Forward
1 - 71% - 55% - 1:24
2 - 29% - 45% - 0:35
44 Defense
1 - 29% - 55% - 0:35
2 - 71% - 45% - 1:24
Last Minute Offensive  - 0:00
Last Minute Defensive  - 0:00
Total
Forward - 61:15
Defense - 61:15
Play-by-Play 1st period 0:01 of 1st period - Sidney Crosby wins face-off versus Nazem Kadri in neutral zone. 0:05 of 1st period - Off-side. 0:06 of 1st period - Ryan Strome wins face-off versus Blake Coleman in neutral zone. 0:24 of 1st period - Shot by Ryan Strome. 0:24 of 1st period - Stopped by James Reimer without a rebound. 0:25 of 1st period - Casey Cizikas wins face-off versus Paul Stastny in OKANAGAN RATTLESNAKES zone. 0:45 of 1st period - Paul Stastny is hit by Casey Cizikas and loses puck. 1:14 of 1st period - Icing by Samuel Girard. 1:15 of 1st period - Paul Stastny wins face-off versus Nazem Kadri in SASKATOON DUCKS zone. 3:08 of 1st period - Shot by Mike Hoffman. 3:08 of 1st period - Stopped by Tristan Jarry without a rebound. 3:09 of 1st period - Casey Cizikas wins face-off versus Nils Aman in SASKATOON DUCKS zone. 3:10 of 1st period - Shot by Kevin Labanc. 3:10 of 1st period - Shot Blocked by Samuel Girard. 3:58 of 1st period - Casey Cizikas is hit by Jason Zucker. 4:12 of 1st period - Shot by Sidney Crosby. 4:12 of 1st period - Stopped by James Reimer without a rebound. 4:13 of 1st period - Lars Eller wins face-off versus Ryan Strome in OKANAGAN RATTLESNAKES zone. 4:32 of 1st period - Shot by Kailer Yamamoto. 4:32 of 1st period - Shot Misses the Net. 5:24 of 1st period - Shot by Nazem Kadri. 5:24 of 1st period - Shot Misses the Net. 5:28 of 1st period - Shot by Oskar Sundqvist. 5:28 of 1st period - Goal by Oskar Sundqvist - OKANAGAN RATTLESNAKES : 1 - SASKATOON DUCKS : 0. 5:29 of 1st period - Nazem Kadri wins face-off versus Paul Stastny in neutral zone. 5:44 of 1st period - Shot by Anders Lee. 5:44 of 1st period - Shot Misses the Net. 7:11 of 1st period - Icing by Sidney Crosby. 7:12 of 1st period - Sidney Crosby wins face-off versus Lars Eller in SASKATOON DUCKS zone. 7:12 of 1st period - Sidney Crosby is hit by Blake Coleman. 7:41 of 1st period - Off-side. 7:42 of 1st period - Nils Aman wins face-off versus Oskar Sundqvist in neutral zone. 7:48 of 1st period - Nils Aman is hit by Esa Lindell and loses puck. 8:13 of 1st period - Nazem Kadri is hit by Jaycob Megna and loses puck. 9:21 of 1st period - Icing by Esa Lindell. 9:22 of 1st period - Sidney Crosby wins face-off versus Oskar Sundqvist in OKANAGAN RATTLESNAKES zone. 9:31 of 1st period - Shot by Sidney Crosby. 9:31 of 1st period - Stopped by James Reimer with a rebound. 9:37 of 1st period - Shot by Sidney Crosby. 9:37 of 1st period - Shot Blocked by Esa Lindell. 9:54 of 1st period - Minor Penalty to Esa Lindell for Tripping. 9:55 of 1st period - Sidney Crosby wins face-off versus Lars Eller in OKANAGAN RATTLESNAKES zone. 9:56 of 1st period - Shot by Justin Faulk. 9:56 of 1st period - Stopped by James Reimer without a rebound. 9:57 of 1st period - Sidney Crosby wins face-off versus Anders Lee in OKANAGAN RATTLESNAKES zone. 9:57 of 1st period - Artemi Panarin is hit by Josh Manson and loses puck. 11:06 of 1st period - Shot by Jason Zucker. 11:06 of 1st period - Stopped by James Reimer without a rebound. 11:07 of 1st period - Jason Zucker wins face-off versus Blake Coleman in OKANAGAN RATTLESNAKES zone. 11:12 of 1st period - Shot by Justin Faulk. 11:12 of 1st period - Goal by Justin Faulk - OKANAGAN RATTLESNAKES : 1 - SASKATOON DUCKS : 1. 11:13 of 1st period - Paul Stastny wins face-off versus Casey Cizikas in neutral zone. 11:38 of 1st period - Shot by Mathieu Joseph. 11:38 of 1st period - Shot Misses the Net. 12:21 of 1st period - Shot by Mike Hoffman. 12:21 of 1st period - Shot Misses the Net. 12:23 of 1st period - Shot by Josh Manson. 12:23 of 1st period - Shot Blocked by Jake Sanderson. 12:25 of 1st period - Shot by Jeremy Lauzon. 12:25 of 1st period - Stopped by Tristan Jarry without a rebound. 12:26 of 1st period - Sidney Crosby wins face-off versus Anders Lee in SASKATOON DUCKS zone. 12:26 of 1st period - Sidney Crosby is hit by Anders Lee. 13:06 of 1st period - Shot by Anders Lee. 13:06 of 1st period - Deflect By Nazem Kadri. 13:06 of 1st period - Shot Blocked by Kevin Shattenkirk. 13:08 of 1st period - Shot by Esa Lindell. 13:08 of 1st period - Stopped by Tristan Jarry without a rebound. 13:09 of 1st period - Ryan Strome wins face-off versus Lars Eller in SASKATOON DUCKS zone. 13:16 of 1st period - Shot by Justin Faulk. 13:16 of 1st period - Stopped by James Reimer without a rebound. 13:17 of 1st period - Lars Eller wins face-off versus Ryan Strome in OKANAGAN RATTLESNAKES zone. 14:19 of 1st period - Jeremy Lauzon is hit by Jason Zucker and loses puck. 14:43 of 1st period - Shot by Sidney Crosby. 14:43 of 1st period - Stopped by James Reimer without a rebound. 14:44 of 1st period - Casey Cizikas wins face-off versus Paul Stastny in OKANAGAN RATTLESNAKES zone. 15:39 of 1st period - Nazem Kadri is hit by Mathieu Joseph and loses puck. 15:50 of 1st period - Icing by Esa Lindell. 15:51 of 1st period - Nazem Kadri wins face-off versus Sidney Crosby in OKANAGAN RATTLESNAKES zone. 15:57 of 1st period - T.J. Oshie is hit by Kevin Shattenkirk and loses puck. 16:58 of 1st period - Icing by Sidney Crosby. 16:59 of 1st period - Casey Cizikas wins face-off versus Sidney Crosby in SASKATOON DUCKS zone. 17:02 of 1st period - Shot by Stefan Noesen. 17:02 of 1st period - Stopped by Tristan Jarry without a rebound. 17:03 of 1st period - Ryan Strome wins face-off versus Mike Hoffman in SASKATOON DUCKS zone. 17:19 of 1st period - Icing by Lars Eller. 17:20 of 1st period - Paul Stastny wins face-off versus Blake Coleman in OKANAGAN RATTLESNAKES zone. 17:20 of 1st period - Mathieu Joseph is hit by Jeremy Lauzon and loses puck. 17:58 of 1st period - Phil Kessel is hit by Lars Eller and loses puck. 18:09 of 1st period - Lars Eller is hit by Mathieu Joseph and loses puck. 18:27 of 1st period - Icing by Lars Eller. 18:28 of 1st period - Lars Eller wins face-off versus Sidney Crosby in OKANAGAN RATTLESNAKES zone. 18:41 of 1st period - Icing by Brent Burns. 18:42 of 1st period - Sidney Crosby wins face-off versus Nazem Kadri in SASKATOON DUCKS zone. 18:53 of 1st period - Shot by Sidney Crosby. 18:53 of 1st period - Stopped by James Reimer without a rebound. 18:54 of 1st period - Casey Cizikas wins face-off versus Ryan Strome in OKANAGAN RATTLESNAKES zone. 19:37 of 1st period - Off-side. 19:38 of 1st period - Ivan Barbashev wins face-off versus Nazem Kadri in neutral zone. 19:40 of 1st period - Off-side. 19:41 of 1st period - Sidney Crosby wins face-off versus Nazem Kadri in neutral zone. 19:57 of 1st period - Shot by Nazem Kadri. 19:57 of 1st period - Shot Blocked by Brent Burns. Goals for this period are 1 for OKANAGAN RATTLESNAKES vs 1 for SASKATOON DUCKS. Shots for this period are 5 for OKANAGAN RATTLESNAKES vs 9 for SASKATOON DUCKS. 2nd period 0:01 of 2nd period - Ryan Strome wins face-off versus T.J. Oshie in neutral zone. 0:09 of 2nd period - Icing by Esa Lindell. 0:10 of 2nd period - Ryan Strome wins face-off versus Nazem Kadri in OKANAGAN RATTLESNAKES zone. 0:41 of 2nd period - Shot by Kailer Yamamoto. 0:41 of 2nd period - Shot Misses the Net. 1:32 of 2nd period - Shot by Mike Hoffman. 1:32 of 2nd period - Shot Misses the Net. 1:34 of 2nd period - Shot by Lars Eller. 1:34 of 2nd period - Shot Misses the Net. 1:36 of 2nd period - Shot by Blake Coleman. 1:36 of 2nd period - Stopped by Tristan Jarry with a rebound. 1:38 of 2nd period - Shot by Blake Coleman. 1:38 of 2nd period - Deflect By Mike Hoffman. 1:38 of 2nd period - Shot Hit the Post. 2:45 of 2nd period - Shot by Kevin Labanc. 2:45 of 2nd period - Shot Misses the Net. 2:54 of 2nd period - Icing by Josh Manson. 2:55 of 2nd period - Ryan Strome wins face-off versus Casey Cizikas in OKANAGAN RATTLESNAKES zone. 3:15 of 2nd period - Icing by Jeremy Lauzon. 3:16 of 2nd period - Kevin Labanc wins face-off versus Paul Stastny in OKANAGAN RATTLESNAKES zone. 4:12 of 2nd period - Shot by Ryan Strome. 4:12 of 2nd period - Shot Misses the Net. 4:36 of 2nd period - Kailer Yamamot